 Dungeon Crawl Stone Soup version 0.13.1-27-ga479965 (webtiles) character file.

1564 Chiseanne the Archer (level 8, -6/63 HPs)
             Began as a Centaur Hunter on Feb 5, 2014.
             Was an Initiate of Okawaru.
             Killed by divine providence
             ... invoked by an orc priest
              (14 damage)
             ... on Level 6 of the Dungeon.
             The game lasted 00:18:12 (5798 turns).

Chiseanne the Archer (Centaur Hunter)               Turns: 5798, Time: 00:18:12

HP  -6/63        AC  9     Str 14 (15) XL: 8   Next: 40%
MP   4/4         EV  7     Int  7 (8)  God: Okawaru [......]
Gold 181         SH  0     Dex 11 (12) Spells:  0 memorised,  7 levels left

Res.Fire  : . . .   See Invis. : +   e - +0,+2 crossbow (velocity)
Res.Cold  : . . .   Warding    : .   q - +2 dwarf ring mail
Life Prot.: . . .   Conserve   : .   (no shield)
Res.Poison: .       Res.Corr.  : +   r - +0 cap
Res.Elec. : .       Clarity    : .   (no cloak)
Sust.Abil.: . .     Spirit.Shd : .   p - +0 pair of gauntlets
Res.Mut.  : .       Stasis     : .   (no barding)
Res.Rott. : .       Flight     : .   y - amulet of resist corrosion
Saprovore : . . .                    (no ring)
                                     k - ring of see invisible

@: very quick, slightly resistant to hostile enchantments, extremely unstealthy
A: hooves 3, deformed body, deterioration 1, herbivore 1, speed 2, fast
metabolism 1, -10% mp, tough skin 3, Int -2
a: Renounce Religion


You were on level 6 of the Dungeon.
You worshipped Okawaru.
Okawaru was noncommittal.
You were very hungry.

You visited 1 branch of the dungeon, and saw 6 of its levels.

You collected 267 gold pieces.
You spent 106 gold pieces at shops.

Inventory:

Hand weapons
 e - a +0,+2 crossbow of velocity (weapon)
 j - a +0,+0 halberd of chopping
 w - a +2,+1 bow
Missiles
 c - 64 arrows
 g - 9 bolts of frost
 n - 29 arrows of frost
 A - 8 bolts (quivered)
 F - 8 poisoned needles
Armour
 p - a +0 pair of gauntlets (worn)
 q - a +2 dwarven ring mail (worn)
 r - a +0 cap (worn)
Magical devices
 a - a wand of hasting (2) {unknown}
 b - a wand of cold (5)
Comestibles
 f - 6 bread rations
 s - a meat ration
 t - a slice of pizza
Scrolls
 h - a scroll of fog
 i - a scroll of remove curse
 m - 3 scrolls of identify
 o - 2 scrolls of fear
 u - 2 scrolls of teleportation
 G - a scroll of enchant armour {unknown}
Jewellery
 k - a ring of see invisible (left hand)
 l - an uncursed ring of flight
 x - an uncursed ring of ice
 y - an amulet of resist corrosion (around neck)
 E - an uncursed ring of poison resistance {unknown}
Potions
 v - a potion of might
 z - 2 potions of berserk rage
 D - a potion of curing
Books
 d - a book of the Earth

   Spells                             Type                      Level
   Dig                                Earth                        4
   Leda's Liquefaction                Hexes/Earth                  4
   Bolt of Magma                      Conjuration/Fire/Earth       5
   Statue Form                        Transmutation/Earth          6
   Iron Shot                          Conjuration/Earth            6
   Shatter                            Earth                        9
Magical staves
 C - an uncursed staff of death
Rods
 B - a +1 rod of the swarm (10/10)
   (You found it on level 5 of the Dungeon)


   Skills:
 * Level 3.2 Fighting
 * Level 11.1 Bows
 * Level 3.1 Crossbows
 * Level 3.0 Armour
 * Level 2.6 Dodging
 - Level 0.5 Stealth


You had 7 spell levels left.
You didn't know any spells.

Dungeon Overview and Level Annotations

Branches:
Dungeon (6/27)
 Temple: D:4-7          Orc: D:6-11

Altars:
Ashenzari
Elyvilon
Kikubaaqudgha
Nemelex Xobeh
Okawaru
Yredelemnul

Shops:
D:5 (


Innate Abilities, Weirdness & Mutations

You have hooves in place of feet.
Armour fits poorly on your strangely shaped body.
You digest meat inefficiently.
You cover ground very quickly.
You have a fast metabolism.
You have extremely tough skin (AC +3).
Your body is slowly deteriorating.
You are dopey. (Int -2)
Your magical capacity is low (-10% MP).


Message History

Firing (i - inventory. (,) - cycle):
A - 10 bolts (quivered)
Press: ? - help, Shift-Dir - straight line, f/p - orc warrior
Aim: an orc warrior, wielding an orcish scimitar and wearing an orcish chain mail (almost dead)
You shoot a bolt. The bolt misses the orc warrior.
The orc warrior throws a dart.
The dart hits you!
The orc priest invokes the aid of Beogh against you.
Pain shoots through your body!
* * * LOW HITPOINT WARNING * * *
Items here: % ))) [[ Firing (i - inventory. (,) - cycle):
A - 9 bolts (quivered)
Press: ? - help, Shift-Dir - straight line, f/p - orc warrior
Aim: an orc warrior, wielding an orcish scimitar and wearing an orcish chain mail (almost dead)
You shoot a bolt. The bolt hits the orc warrior.
You kill the orc warrior!
Okawaru accepts your kill.
Your Crossbows skill increases to level 3!
Your Armour skill increases to level 3!
The orc priest invokes the aid of Beogh against you.
Something smites you!
You die...

#..# #..# #..# #..# #..#
#.<#
#####################..#
#..<....................
##.....@................
##...............######
##..............#
##.............#
##........o...#
##........(....#
##...........>..######
#................%)(.o
#################.....


You could see an orc priest.

Vanquished Creatures
  Grinder (D:3)
  Prince Ribbit (D:5)
  Edmund (D:5)
  An ice beast (D:6)
  An orc warrior (D:6)
  A sky beast (D:5)
  Sigmund (D:5)
  A giant frog (D:6)
  A goliath beetle (D:5)
  A centaur skeleton (D:5)
  2 scorpions (D:4)
  An iguana (D:5)
  3 orc wizards (D:6)
  A worker ant (D:5)
  4 gnolls (D:4)
  4 adders
  A giant mite (D:5)
  A worm (D:2)
  3 giant geckos
  2 oozes
  5 orcs (D:6)
  4 giant cockroaches
  10 goblins
  12 hobgoblins
  4 jackals (D:6)
  3 quokkas
  3 ball pythons
  4 bats
  4 giant newts
  11 kobolds
  A kobold zombie (D:4)
  13 rats
106 creatures vanquished.

Vanquished Creatures (others)
  An orc wizard (D:6)
1 creature vanquished.

Grand Total: 107 creatures vanquished

Notes
Turn   | Place    | Note
--------------------------------------------------------------
     0 | D:1      | Chiseanne, the Centaur Hunter, began the quest for the Orb.
     0 | D:1      | Reached XP level 1. HP: 17/17 MP: 0/0
   140 | D:1      | Reached XP level 2. HP: 21/24 MP: 1/1
   731 | D:1      | Reached skill level 6 in Bows
   831 | D:2      | Reached XP level 3. HP: 20/29 MP: 2/2
  1737 | D:3      | Reached XP level 4. HP: 36/36 MP: 2/2
  1764 | D:3      | Noticed Grinder
  1774 | D:3      | Paralysed by Grinder for 4 turns
  1792 | D:3      | Paralysed by Grinder for 2 turns
  1797 | D:3      | Killed Grinder
  1797 | D:3      | Reached skill level 8 in Bows
  1797 | D:3      | Reached skill level 1 in Armour
  1797 | D:3      | Reached XP level 5. HP: 39/42 MP: 3/3
  1797 | D:3      | Reached XP level 6. HP: 45/49 MP: 4/4
  1816 | D:3      | Found a white marble altar of Elyvilon.
  2263 | D:3      | Found a basalt altar of Yredelemnul.
  2268 | D:3      | Found a shattered altar of Ashenzari.
  2598 | D:3      | Paralysed by a potion of paralysis for 4 turns
  2604 | D:3      | Gained mutation: You are dopey. (Int -2) [potion of mutation]
  2604 | D:3      | Gained mutation: Your body is slowly deteriorating. [potion of mutation]
  2604 | D:3      | Gained mutation: Your magical capacity is low (-10% MP). [potion of mutation]
  2686 | D:4      | Found an ancient bone altar of Kikubaaqudgha.
  2717 | D:4      | Reached skill level 9 in Bows
  2954 | D:4      | Found a white marble altar of Elyvilon.
  3294 | D:4      | Paralysed by you for 6 turns
  3702 | D:5      | Entered Level 5 of the Dungeon
  3720 | D:5      | Noticed Sigmund
  3733 | D:5      | Killed Sigmund
  3808 | D:5      | Reached XP level 7. HP: 51/55 MP: 3/3
  3814 | D:5      | Found Thumm's Antique Weapon Boutique.
  3824 | D:5      | Bought a glowing crossbow for 106 gold pieces
  4166 | D:5      | Noticed Edmund
  4215 | D:5      | Killed Edmund
  4215 | D:5      | Reached skill level 10 in Bows
  4383 | D:5      | Noticed Prince Ribbit
  4440 | D:5      | HP: 1/56 [Prince Ribbit (7)]
  4441 | D:5      | Killed Prince Ribbit
  4441 | D:5      | Reached skill level 1 in Crossbows
  4963 | D:5      | Found a sparkling altar of Nemelex Xobeh.
  4965 | D:5      | Identified a +1 rod of the swarm (10/10) (You found it on level 5 of the Dungeon)
  5027 | D:5      | Found a shattered altar of Ashenzari.
  5185 | D:5      | Reached XP level 8. HP: 53/62 MP: 4/4
  5454 | D:6      | Found an iron altar of Okawaru.
  5510 | D:6      | Became a worshipper of Warmaster Okawaru
  5604 | D:6      | Reached skill level 11 in Bows
  5798 | D:6      | Killed from afar by an orc priest

Action                   |  1- 3 |  4- 6 |  7- 9 || total
-------------------------+-------+-------+-------++-------
Melee: Short sword       |     6 |       |       ||     6
 Fire: Bow               |    90 |    79 |    43 ||   212
       Crossbow          |       |       |    54 ||    54
Evoke: Wand              |       |     3 |       ||     3
  Use: Scroll            |       |    14 |     2 ||    16
       Potion            |       |     8 |     1 ||     9
